AoeStats
← Bob_The_Nob

Arena

510055823Analyzed
1v1 RM · 3d ago on Sep 29, 2026· 42m 2s· 2 players
Game mode
Random Map
Map size
Tiny (2 player)
Population
200
Speed
Normal
Resources
Standard
Victory
Conquest
Starting age
Dark Age
Ending age
Imperial Age
RankedLock teamsTeams togetherTeam positionsShared explorationLock speedFull tech treeHidden civsTurbo modeCheats
Victory
Defeat
🇦🇷 Khmer · Argentina
497
+18
🇬🇧 Britons · United Kingdom
551
-18
Bob_The_Nob
1:10 Loom
10:58 Feudal Age
13:02 Horse Collar
15:22 Wheelbarrow
DRO58912
11:41 Feudal Age
15:08 Castle Age
16:16 Loom
28:31 Gold Mining
28:32 Stone Mining
29:04 Horse Collar
29:22 Double-Bit Axe
30:47 Redemption
38:20 Imperial Age
36:27 Wheelbarrow
35:38 Town Watch
35:59 Heavy Plow
38:59 Fortified Wall
Connection lost

Rejoining the realm…

Still unreachable

The connection could not be restored.

Session expired

The server has moved on; the page needs a fresh start.